 Dungeon Crawl Stone Soup version 0.31-a0-851-g7ff8af7976 (webtiles) character file.

Game seed: 9276979573138221500

39 Dirtsage the Chopper (level 3, -3/29 HPs)
             Began as a Demonspawn Berserker on Oct 6, 2023.
             Was a Believer of Trog.
             Slain by a goblin
             ... wielding a +0 club
             ... led by Robin
              (5 damage)
             ... on level 2 of the Dungeon.
             The game lasted 00:00:42 (557 turns).

Dirtsage the Chopper (Demonspawn Berserker)          Turns: 557, Time: 00:00:43

Health: -3/29      AC:  2    Str: 19    XL:     3   Next: 28%
Magic:  3/3        EV: 12    Int:  8    God:    Trog [**....]
Gold:   46         SH:  0    Dex: 12    Spells: 2/2 levels left

rFire   . . .        a - +0 hand axe
rCold   . . .        (no shield)
rNeg    . . .        b - +0 animal skin
rPois   .            (no helmet)
rElec   .            (no cloak)
rCorr   .            (no gloves)
SInv    .            (no boots)
Will    .....        (no amulet)
Stlth   +            (no ring)
HPRegen 0.24/turn    (no ring)
MPRegen 0.08/turn

%: no passive effects
@: on berserk cooldown, slowed, very slow
A: powered by pain 1
a: Renounce Religion, Berserk, Trog's Hand


You were on level 2 of the Dungeon.
You worshipped Trog.
Trog was pleased with you.
You visited 1 branch of the dungeon, and saw 2 of its levels.

You collected 46 gold pieces.

Inventory:

Hand Weapons
 a - a +0 hand axe (weapon)
Armour
 b - a +0 animal skin (worn)
Scrolls
 d - a scroll of enchant weapon {unknown}
 e - 2 scrolls of noise {unknown}
 i - a scroll of poison {unknown}
 j - a scroll of blinking {unknown}
Potions
 c - a potion of degeneration {unknown}
 f - a potion of mutation {unknown}
 g - a potion of heal wounds {unknown}
 h - a potion of curing {unknown}


   Skills:
 - Level 3.0 Fighting
 + Level 4.0 Axes
 - Level 1.7 Armour
 - Level 1.7 Dodging


You had 2 spell levels left.
You didn't know any spells.
Your spell library was empty.

Dungeon Overview and Level Annotations

Branches:
Dungeon (2/15)

Altars:


Innate Abilities, Weirdness & Mutations

You sometimes gain a little power by taking damage.


Message History

You take 2 damage, and have 13/36 hp.
You slash the hobgoblin!
You kill the hobgoblin!
Trog accepts your kill.
You closely miss the goblin. The goblin hits you with a +0 dagger.
You take 1 damage, and have 12/36 hp.
You barely miss Robin. You closely miss the goblin. You slash Robin!
Robin is severely wounded.
You hit the goblin.
You kill the goblin!
Trog accepts your kill. Robin closely misses you.
You slash Robin!
You kill Robin!
Trog accepts your kill.
You are no longer berserk.
You are exhausted.
You feel yourself slow down.
Your Axes skill increases to level 4!
You have reached level 3!
Your experience leads to an increase in your attributes!
Increase (s)trength, (i)ntelligence, or (d)exterity?
You feel stronger. x2
You now have 10/29 hp.
You hit the hobgoblin but do no damage. The hobgoblin hits you.
* * * LOW HITPOINT WARNING * * *
You take 4 damage, and have 6/29 hp.
You slash the hobgoblin!
You kill the hobgoblin!
Trog accepts your kill.
You can now call upon Trog for regeneration and willpower.
The hobgoblin hits you.
* * * LOW HITPOINT WARNING * * *
You take 4 damage, and have 2/29 hp.
You slash the hobgoblin!
You kill the hobgoblin!
Trog accepts your kill. The goblin hits you with a +0 club.
You die...

... . ..#.# #
####### ..#.#.
#.....##.....
#<.....#...#
#......#...#..#
#......#g......
#......@#
#.####))# #..
....# ##.####.#
# #.# ..# ...
..#


You could see a goblin (strong).

Vanquished Creatures
  Robin (D:2)
  2 giant cockroaches
  9 goblins
  7 hobgoblins
  2 quokkas (D:1)
  A ball python (D:1)
  A bat (D:1)
  2 rats (D:1)
25 creatures vanquished.

Notes
Turn   | Place    | Note
-------+----------+-------------------------------------------
     0 | D:1      | Dirtsage the Demonspawn Berserker began the quest for the
                  | Orb.
     0 | D:1      | Reached XP level 1. HP: 18/18 MP: 1/1
   137 | D:1      | Reached skill level 3 in Axes
   230 | D:1      | Gained mutation: You sometimes gain a little power by
                  | taking damage. [demonic ancestry]
   230 | D:1      | Reached XP level 2. HP: 19/24 MP: 2/2
   532 | D:2      | Noticed Robin
   554 | D:2      | Killed Robin
   555 | D:2      | Reached skill level 4 in Axes
   555 | D:2      | Reached XP level 3. HP: 10/29 MP: 3/3
   556 | D:2      | Reached ** piety under Trog
   557 | D:2      | Slain by a goblin

Illustrated notes

Levels and vault maps discovered:
D:1:      eino_arrival_druids_welcome, layout_basic
D:2:      layout_loops_cross, uniq_robin

Skill      XL: |  1  2 |
---------------+-------+-----
Axes           | 3 4 |  4.0
Fighting       | |  3.0
Armour         | |  1.7
Dodging        | |  1.7

Action                     || total
---------------------------++-------
  Melee: Hand axe          ||    59
 Invoke: Berserk           ||     1
 Armour: Animal skin       ||    43
  Dodge: Dodged            ||    36

Table legend: (Time is in decaauts)
 A = Elapsed time spent in this place.
 B = Non-inter-level travel time spent in this place.
 C = Inter-level travel time spent in this place.
 D = Time resting spent in this place.
 E = Time spent auto-exploring this place.
 F = Levels seen in this place.
 G = Mean time per level.
                   A        B        C        D        E       F      G
               +--------+--------+--------+--------+--------+-----+--------+
         Total |    558 |    535 |     23 |      0 |    421 |   2 |  279.0 |
       Dungeon |    558 |    535 |     23 |      0 |    421 |   2 |  279.0 |
               +--------+--------+--------+--------+--------+-----+--------+

Top non-repeatable levels by time:
     D:1: 531 daAuts
     D:2: 27 daAuts
